TOP OF THE 1ST |
Colorado Avalanche batting - Pitching for Calgary Flames : RHP Mason Broderick
|
Pitching: RHP Mason Broderick
|
|
Batting: RHB Ray Insley
|
0-0: Ball 1-0: Foul Ball, location: 2F 1-1: Foul Ball, location: 2F 1-2: Foul Ball, location: 2F 1-2: Foul Ball, location: 2F 1-2: Foul Ball, location: 2F 1-2: Foul Ball, location: 2F 1-2: Ball 2-2: Ball 3-2: Ground out 1-3 (Groundball, 15, EV 68.1 MPH)
|
Batting: LHB Daniel Green
|
0-0: Called Strike 0-1: Ground out 4-3 (Groundball, 4, EV 110.0 MPH)
|
Batting: RHB John Corfield
|
0-0: Ball 1-0: Ball 2-0: Called Strike 2-1: DOUBLE (Line Drive, 89D, EV 100.6 MPH)
|
Batting: LHB Paul McClintock
|
0-0: Called Strike 0-1: Swinging Strike 0-2: Ball 1-2: Strikes out swinging
|
Top of the 1st over - 0 runs, 1 hit, 0 errors, 1 left on base; Colorado 0 - Calgary 0 |
BOTTOM OF THE 1ST |
Calgary Flames batting - Pitching for Colorado Avalanche : RHP Zach Sommer
|
Pitching: RHP Zach Sommer
|
|
Batting: RHB Dave McBain
|
0-0: Swinging Strike 0-1: Ball 1-1: Ground out 1-6-3 (Groundball, 15S, EV 103.1 MPH)
|
Batting: RHB Brian DeVoe
|
0-0: Ball 1-0: Foul Ball, location: 2F 1-1: SINGLE (Groundball, 5, EV 98.1 MPH)
|
Batting: RHB Eric McMillian
|
0-0: Called Strike 0-1: Ball 1-1: Fly out, F3 (Popup, 23F, EV 79.4 MPH)
|
Batting: RHB Adrian Cook
|
0-0: Called Strike 0-1: Ball 1-1: Fly out, F8 (Line Drive, 8RM, EV 86.3 MPH)
|
Bottom of the 1st over - 0 runs, 1 hit, 0 errors, 1 left on base; Colorado 0 - Calgary 0 |
TOP OF THE 2ND |
Colorado Avalanche batting - Pitching for Calgary Flames : RHP Mason Broderick
|
Batting: SHB Brad Madden
|
0-0: Called Strike 0-1: Ball 1-1: Called Strike 1-2: Foul Ball, location: 2F 1-2: Strikes out swinging
|
Batting: RHB Yamashita Yagi
|
0-0: Called Strike 0-1: Foul Ball, location: 2F 0-2: Ball 1-2: Ball 2-2: Ground out U3 (Groundball, 13, EV 85.6 MPH)
|
Batting: RHB Bob Hayes
|
0-0: Called Strike 0-1: Swinging Strike 0-2: Ball 1-2: Strikes out swinging
|
Top of the 2nd over - 0 runs, 0 hits, 0 errors, 0 left on base; Colorado 0 - Calgary 0 |
BOTTOM OF THE 2ND |
Calgary Flames batting - Pitching for Colorado Avalanche : RHP Zach Sommer
|
Batting: RHB Kalidas Mishra
|
0-0: Foul Ball, location: 2F 0-1: Ground out 6-3 (Groundball, 6, EV 100.6 MPH)
|
Batting: RHB Ricardo Ortiz
|
0-0: SINGLE (Groundball, 4D, EV 102.5 MPH)
|
Batting: RHB Ed Oake
|
0-0: Fielders Choice at 2nd, 3-6 (Groundball, 34S, EV 85.0 MPH)
|
Batting: LHB James McCauley
|
0-0: Ball 1-0: Fly out, F1 (Line Drive, P, EV 73.1 MPH)
|
Bottom of the 2nd over - 0 runs, 1 hit, 0 errors, 1 left on base; Colorado 0 - Calgary 0 |
TOP OF THE 3RD |
Colorado Avalanche batting - Pitching for Calgary Flames : RHP Mason Broderick
|
Batting: RHB Kevin Tangeman
|
0-0: Swinging Strike 0-1: Foul Ball, location: 2F 0-2: Foul Ball, location: 2F 0-2: Strikes out swinging
|
Batting: SHB Clayton Saunders
|
0-0: Ball 1-0: Ground out 2-3 (Groundball, 13S, EV 69.4 MPH)
|
Batting: RHB Ray Insley
|
0-0: Fly out, F9 (Flyball, 9LD, EV 105.6 MPH)
|
Top of the 3rd over - 0 runs, 0 hits, 0 errors, 0 left on base; Colorado 0 - Calgary 0 |
BOTTOM OF THE 3RD |
Calgary Flames batting - Pitching for Colorado Avalanche : RHP Zach Sommer
|
Batting: RHB Elias Vences
|
0-0: Ball 1-0: Ball 2-0: Ball 3-0: Base on Balls
|
Batting: RHB Dave McBain
|
0-0: Ball 1-0: Ball 2-0: Called Strike 2-1: SINGLE (Line Drive, 89M, EV 98.8 MPH) Elias Vences to second
|
Batting: RHB Brian DeVoe
|
0-0: Called Strike 0-1: Ball Elias Vences steals 3rd base (no throw) Dave McBain to second 1-1: Swinging Strike 1-2: Ball 2-2: Strikes out swinging
|
Batting: RHB Eric McMillian
|
0-0: Called Strike 0-1: Ball 1-1: Swinging Strike 1-2: Strikes out swinging
|
Batting: RHB Adrian Cook
|
0-0: Called Strike 0-1: SINGLE (Line Drive, 8RS, EV 109.4 MPH) Elias Vences scores Dave McBain to third Runner from 3rd tries for Home, SAFE, throw by CF to home Adrian Cook to second
|
Batting: RHB Kalidas Mishra
|
0-0: Called Strike 0-1: Swinging Strike 0-2: Ball 1-2: Fly out, F7 (Line Drive, 7, EV 86.3 MPH)
|
Bottom of the 3rd over - 2 runs, 2 hits, 0 errors, 1 left on base; Colorado 0 - Calgary 2 |
TOP OF THE 4TH |
Colorado Avalanche batting - Pitching for Calgary Flames : RHP Mason Broderick
|
Batting: LHB Daniel Green
|
0-0: Called Strike 0-1: Ball 1-1: Ball 2-1: Ground out U3 (Groundball, 3S, EV 66.3 MPH)
|
Batting: RHB John Corfield
|
0-0: Ball 1-0: Called Strike 1-1: Foul Ball, location: 2F 1-2: Ball 2-2: Ball 3-2: Base on Balls
|
Batting: LHB Paul McClintock
|
0-0: Fly out, F7 (Line Drive, 7, EV 96.3 MPH)
|
Batting: SHB Brad Madden
|
0-0: Called Strike 0-1: Ball 1-1: Foul Ball, location: 2F 1-2: Strikes out swinging
|
Top of the 4th over - 0 runs, 0 hits, 0 errors, 1 left on base; Colorado 0 - Calgary 2 |
BOTTOM OF THE 4TH |
Calgary Flames batting - Pitching for Colorado Avalanche : RHP Zach Sommer
|
Batting: RHB Ricardo Ortiz
|
0-0: Called Strike 0-1: Foul Ball, location: 2F 0-2: Ground out U3 (Groundball, 34S, EV 91.3 MPH)
|
Batting: RHB Ed Oake
|
0-0: Foul Ball, location: 2F 0-1: Fly out, F9 (Line Drive, 9D, EV 84.4 MPH)
|
Batting: LHB James McCauley
|
0-0: Ground out 4-3 (Groundball, 4, EV 96.3 MPH)
|
Bottom of the 4th over - 0 runs, 0 hits, 0 errors, 0 left on base; Colorado 0 - Calgary 2 |
TOP OF THE 5TH |
Colorado Avalanche batting - Pitching for Calgary Flames : RHP Mason Broderick
|
Batting: RHB Yamashita Yagi
|
0-0: Ball 1-0: Called Strike 1-1: Foul Ball, location: 2F 1-2: Foul Ball, location: 2F 1-2: Foul Ball, location: 2F 1-2: Ball 2-2: SINGLE (Groundball, 56D, EV 95.0 MPH)
|
Batting: RHB Bob Hayes
|
0-0: Ball 1-0: Ball 2-0: Ball 3-0: Called Strike 3-1: Fly out, F8 (Flyball, 8LD, EV 108.1 MPH)
|
Batting: RHB Kevin Tangeman
|
0-0: Ball 1-0: Ball 2-0: Ball 3-0: Base on Balls Yamashita Yagi to second
|
Batting: SHB Clayton Saunders
|
0-0: Ball 1-0: Hit by Pitch Yamashita Yagi to third Kevin Tangeman to second
|
Batting: RHB Ray Insley
|
0-0: Swinging Strike 0-1: Foul Ball, location: 2F 0-2: Ball 1-2: Ball 2-2: Ball 3-2: Foul Ball, location: 2F 3-2: Base on Balls Yamashita Yagi scores Kevin Tangeman to third Clayton Saunders to second
|
Batting: LHB Daniel Green
|
0-0: Foul Ball, location: 2F 0-1: Called Strike 0-2: SINGLE (Groundball, 34S, EV 64.4 MPH) (infield hit) Kevin Tangeman scores Clayton Saunders to third Ray Insley to second
|
Batting: RHB John Corfield
|
0-0: Ball 1-0: Foul Ball, location: 2F 1-1: Grounds into double play, 3-6-3 (Groundball, 3, EV 102.5 MPH)
|
Top of the 5th over - 2 runs, 2 hits, 0 errors, 2 left on base; Colorado 2 - Calgary 2 |
BOTTOM OF THE 5TH |
Calgary Flames batting - Pitching for Colorado Avalanche : RHP Zach Sommer
|
Batting: RHB Elias Vences
|
0-0: Ball 1-0: Called Strike 1-1: Swinging Strike 1-2: Strikes out swinging
|
Batting: RHB Dave McBain
|
0-0: Called Strike 0-1: SINGLE (Groundball, 56, EV 86.3 MPH) (infield hit)
|
Batting: RHB Brian DeVoe
|
0-0: Foul Ball, location: 2F 0-1: Grounds into double play, 4-6-3 (Groundball, 4, EV 96.9 MPH)
|
Bottom of the 5th over - 0 runs, 1 hit, 0 errors, 0 left on base; Colorado 2 - Calgary 2 |
TOP OF THE 6TH |
Colorado Avalanche batting - Pitching for Calgary Flames : RHP Mason Broderick
|
Batting: LHB Paul McClintock
|
0-0: Ball 1-0: Foul Ball, location: 2F 1-1: Called Strike 1-2: Foul Ball, location: 2F 1-2: Ball 2-2: Strikes out swinging
|
Batting: SHB Brad Madden
|
0-0: Ball 1-0: Called Strike 1-1: Ball 2-1: Swinging Strike 2-2: Strikes out swinging
|
Batting: RHB Yamashita Yagi
|
0-0: Called Strike 0-1: Swinging Strike 0-2: Strikes out looking
|
Top of the 6th over - 0 runs, 0 hits, 0 errors, 0 left on base; Colorado 2 - Calgary 2 |
BOTTOM OF THE 6TH |
Calgary Flames batting - Pitching for Colorado Avalanche : RHP Zach Sommer
|
Batting: RHB Eric McMillian
|
0-0: Ground out 6-3 (Groundball, 6, EV 98.1 MPH)
|
Batting: RHB Adrian Cook
|
0-0: Fly out, F4 (Line Drive, 4, EV 63.1 MPH)
|
Batting: RHB Kalidas Mishra
|
0-0: Ball 1-0: Ball 2-0: Ball 3-0: Called Strike 3-1: Fly out, F4 (Flyball, 4MD, EV 96.3 MPH)
|
Bottom of the 6th over - 0 runs, 0 hits, 0 errors, 0 left on base; Colorado 2 - Calgary 2 |
TOP OF THE 7TH |
Colorado Avalanche batting - Pitching for Calgary Flames : RHP Mason Broderick
|
Pitching: LHP Ismael Diaz
|
|
Batting: RHB Bob Hayes
|
0-0: Called Strike 0-1: Called Strike 0-2: Ball 1-2: Foul Ball, location: 2F 1-2: SINGLE (Flyball, 34D, EV 86.3 MPH)
|
Batting: RHB Kevin Tangeman
|
0-0: Sac Bunt to 13 - play at first, batter OUT! 1-4 Bob Hayes to second
|
Batting: SHB Clayton Saunders
|
0-0: SINGLE (Flyball, 34D, EV 96.9 MPH) Bob Hayes to third
|
Batting: RHB Ray Insley
|
0-0: Called Strike 0-1: Foul Ball, location: 2F 0-2: Ball 1-2: Ball 2-2: Strikes out swinging
|
Pinch Hitting: RHB Josh Lofgreen
|
0-0: Foul Ball, location: 2F 0-1: SINGLE (Groundball, 4MD, EV 108.1 MPH) Bob Hayes scores Clayton Saunders to second Runner from 2nd tries for 3rd, SAFE, throw by CF made at trailing runner, OUT! 8-6
|
Top of the 7th over - 1 run, 3 hits, 0 errors, 1 left on base; Colorado 3 - Calgary 2 |
BOTTOM OF THE 7TH |
Calgary Flames batting - Pitching for Colorado Avalanche : RHP Zach Sommer
|
Now in RF: Craig Ruzic
|
|
Batting: RHB Ricardo Ortiz
|
0-0: Ground out 4-3 (Groundball, 34D, EV 100.6 MPH)
|
Batting: RHB Ed Oake
|
0-0: Ball 1-0: Ball 2-0: SINGLE (Groundball, 56D, EV 98.8 MPH)
|
Batting: LHB James McCauley
|
0-0: SINGLE (Groundball, 4S, EV 73.1 MPH) (infield hit) Ed Oake to second
|
Batting: RHB Elias Vences
|
0-0: Ball 1-0: Foul Ball, location: 2F 1-1: Ground out U3 (Groundball, 3S, EV 84.4 MPH) Ed Oake to third James McCauley to second
|
Batting: RHB Dave McBain
|
0-0: Ball Wild Pitch! Ed Oake scores James McCauley to third 1-0: Ground out 5-3 (Groundball, 56, EV 84.4 MPH)
|
Bottom of the 7th over - 1 run, 2 hits, 0 errors, 1 left on base; Colorado 3 - Calgary 3 |
TOP OF THE 8TH |
Colorado Avalanche batting - Pitching for Calgary Flames : LHP Ismael Diaz
|
Pitching: RHP Dave Waterman
|
|
Batting: RHB John Corfield
|
0-0: Called Strike 0-1: Called Strike 0-2: Ball 1-2: Fly out, F8 (Line Drive, 8RD, EV 97.5 MPH)
|
Batting: LHB Paul McClintock
|
0-0: Called Strike 0-1: Ball 1-1: Fly out, F8 (Line Drive, 8RD, EV 86.3 MPH)
|
Batting: SHB Brad Madden
|
0-0: Ball 1-0: Swinging Strike 1-1: Swinging Strike 1-2: Foul Ball, location: 2F 1-2: Strikes out swinging
|
Top of the 8th over - 0 runs, 0 hits, 0 errors, 0 left on base; Colorado 3 - Calgary 3 |
BOTTOM OF THE 8TH |
Calgary Flames batting - Pitching for Colorado Avalanche : RHP Zach Sommer
|
Batting: RHB Brian DeVoe
|
0-0: Ball 1-0: Ball 2-0: Swinging Strike 2-1: Swinging Strike 2-2: Foul Ball, location: 2F 2-2: Ball 3-2: Base on Balls
|
Batting: RHB Eric McMillian
|
0-0: Swinging Strike 0-1: Ball 1-1: Ball 2-1: DOUBLE (Flyball, 89D, EV 101.9 MPH) Brian DeVoe to third
|
Batting: RHB Adrian Cook
|
0-0: Called Strike 0-1: Ball 1-1: Ball 2-1: Foul Ball, location: 2F 2-2: Foul Ball, location: 2F 2-2: Foul Ball, location: 2F 2-2: Fly out, F9 (Flyball, 89M, EV 88.1 MPH) Runner from 3rd tags up, SCORES, throw by RF Eric McMillian to third
|
Pitching: RHP Carlos de Jesus
|
|
Now in RF: Ryan Ward
|
|
Batting: RHB Kalidas Mishra
|
0-0: Ball 1-0: Foul Ball, location: 2F 1-1: Ground out U3 (Groundball, 34, EV 76.9 MPH)
|
Batting: RHB Ricardo Ortiz
|
0-0: Fly out, F8 (Flyball, 8RS, EV 77.5 MPH)
|
Bottom of the 8th over - 1 run, 1 hit, 0 errors, 1 left on base; Colorado 3 - Calgary 4 |
TOP OF THE 9TH |
Colorado Avalanche batting - Pitching for Calgary Flames : RHP Dave Waterman
|
Pitching: RHP Mike Swenson
|
|
Now at 2B: Mike MacLeod
|
|
Now in RF: Tony Contreras
|
|
Batting: RHB Yamashita Yagi
|
0-0: Called Strike 0-1: Foul Ball, location: 2F 0-2: Strikes out looking
|
Batting: RHB Bob Hayes
|
0-0: Ball 1-0: Ball 2-0: Foul Ball, location: 2F 2-1: Called Strike 2-2: Ball 3-2: Base on Balls
|
Batting: RHB Kevin Tangeman
|
0-0: Ball 1-0: Ground out 5-3 (Groundball, 15, EV 85.0 MPH) Bob Hayes to second
|
Pinch Hitting: RHB Maurice Moore
|
0-0: Called Strike 0-1: Called Strike 0-2: Strikes out swinging
|
Top of the 9th over - 0 runs, 0 hits, 0 errors, 1 left on base; Colorado 3 - Calgary 4 |
|